 Dungeon Sprint DCSS version 0.30-a0-778-g2ef04afb54 (webtiles) character file.

Game seed: 2019727345313951190

11 BigDaddyOpFi the Trooper (level 2, 0/40 HPs)
             Began as a Draconian Fighter on Feb 15, 2023.
             Was a Believer of Qazlal.
             Succumbed to a water moccasin's poison
             ... in the Dungeon (Sprint VII: "The Pits").
             The game lasted 00:00:40 (273 turns).

BigDaddyOpFi the Trooper (Draconian Fighter)         Turns: 273, Time: 00:00:40

Health: 0/40       AC:  4    Str: 18    XL:     2   Next: 13%
Magic:  3/3        EV: 12    Int:  8    God:    Qazlal [**....]
Gold:   0          SH:  7    Dex: 10    Spells: 1/1 levels left

rFire   . . .      SeeInvis .    a - +0 war axe
rCold   . . .      Faith    .    b - +0 buckler
rNeg    . . .      Spirit   .    (body armour unavailable)
rPois   .          Reflect  .    (helmet restricted)
rElec   .          Harm     .    (no cloak)
rCorr   .          Rampage  .    (no gloves)
Will    .....      NoTele   +    (no boots) Stlth
                                 (no amulet)
HPRegen 0.26/turn                (no ring)
MPRegen 0.08/turn                (no ring)

@: mighty, berserking, lethally poisoned (0 -> -12), hasted, very quick
A: AC +4, unfitting armour, cold-blooded
a: Renounce Religion, Upheaval


You were in the Dungeon.
You worshipped Qazlal.
Qazlal was pleased with you.
You visited 1 branch

Inventory:

Hand Weapons
 a - a +0 war axe (weapon)
Armour
 b - a +0 buckler (worn)
Scrolls
 i - a scroll of blinking
Potions
 g - 4 potions of magic
 h - 2 potions of berserk rage
 j - 2 potions of invisibility


   Skills:
 + Level 4.0 Fighting
 + Level 2.7 Axes
 + Level 3.2 Dodging
 + Level 3.5 Shields
 * Level 1.7 Invocations


You had one spell level left.
You didn't know any spells.
Your spell library was empty.

Dungeon Overview and Level Annotations

Branches:
Dungeon (1/1)

Altars:
Ashenzari
Cheibriados
Dithmenos
Elyvilon
Fedhas
Gozag
Hepliaklqana
Kikubaaqudgha
Makhleb
Nemelex Xobeh
Okawaru
Qazlal
Ru
Sif Muna
Trog
Uskayaw
Vehumet
Wu Jian
Xom
Yredelemnul
Zin
The Shining One
Jiyva
Lugonu


Innate Abilities, Weirdness & Mutations

Your plain brown scales are hard. (AC +4)
You cannot fit into any form of body armour.
You are cold-blooded and may be slowed by cold attacks.


Message History

You feel better. The water moccasin closely misses you.
The giant cockroach closely misses you.
You closely miss the water moccasin. You slash the giant cockroach!
You kill the giant cockroach!
Qazlal accepts your kill.
You can now call upon nature to destroy your foes.
You block the water moccasin's attack. The water moccasin bites you.
Your Fighting skill increases to level 4!
You barely miss the water moccasin. You closely miss the adder.
The adder bites you but does no damage. You block the water moccasin's attack.
You block the adder's attack.
You miss the water moccasin.
Your tail-slap misses the water moccasin.
You hit the adder. The water moccasin barely misses you. The adder bites you.
You are poisoned.
The adder poisons you! The water moccasin bites you.
You are lethally poisoned!
The water moccasin poisons you!
A red film seems to cover your vision as you go berserk!
You feel yourself moving faster!
You feel mighty!
* * * LOW HITPOINT WARNING * * *
You feel very sick. The adder bites you but does no damage.
You miss the water moccasin. You barely miss the adder.
* * * LOW HITPOINT WARNING * * *
You feel very sick. The water moccasin bites you.
* * * LOW HITPOINT WARNING * * *
The adder completely misses you. The water moccasin barely misses you.
You barely miss the water moccasin. You tail-slap the water moccasin.
The water moccasin is moderately wounded.
You barely miss the adder.
* * * LOW HITPOINT WARNING * * *
You feel sick. You block the adder's attack. The water moccasin misses you.
You slash the water moccasin!
The water moccasin is heavily wounded.
You slash the adder!
You kill the adder!
Qazlal accepts your kill.
You die...

#_________.#
#_______...##########
##########'##........
#.?(.')))'.##......#.
##########.##........
#.........†.'........
#+#####'#####......#.
#..#..#..##........
#S@†..)..#####'####
##)####+###.......#
#........##.......#
#........##.......#
#####+#####...<...#
#.......# #.......#
#.......# #########


You could see a water moccasin.

Vanquished Creatures
  An adder (D)
  A bat zombie (D)
  A giant cockroach (D)
  A goblin (D)
  2 jackals (D)
  A kobold (D)
  A quokka (D)
  A bat (D)
  A frilled lizard (D)
10 creatures vanquished.

Notes
Turn   | Place    | Note
-------+----------+-------------------------------------------
     0 | D        | BigDaddyOpFi the Draconian Fighter began the quest for the
                  | Orb.
     0 | D        | Reached XP level 1. HP: 19/19 MP: 1/1
    20 | D        | Found a bloodstained altar of Trog.
    20 | D        | Found a shimmering blue altar of Sif Muna.
    20 | D        | Found a viscous altar of Jiyva.
    20 | D        | Found a hazy altar of Hepliaklqana.
    20 | D        | Found an opulent altar of Gozag.
    21 | D        | Found a glowing golden altar of the Shining One.
    21 | D        | Found a glowing silver altar of Zin.
    21 | D        | Found a basalt altar of Yredelemnul.
    21 | D        | Found a shimmering altar of Xom.
    21 | D        | Found an ornate altar of the Wu Jian Council.
    21 | D        | Found a sacrificial altar of Ru.
    21 | D        | Found a stormy altar of Qazlal.
    21 | D        | Found an iron altar of Okawaru.
    21 | D        | Found a sparkling altar of Nemelex Xobeh.
    21 | D        | Found a burning altar of Makhleb.
    21 | D        | Found a blossoming altar of Fedhas.
    21 | D        | Found a white marble altar of Elyvilon.
    21 | D        | Found a shadowy altar of Dithmenos.
    21 | D        | Found a snail-covered altar of Cheibriados.
    22 | D        | Found a radiant altar of Vehumet.
    22 | D        | Found a corrupted altar of Lugonu.
    23 | D        | Found an ancient bone altar of Kikubaaqudgha.
    23 | D        | Found a hide-covered altar of Uskayaw.
    23 | D        | Found a broken altar of Ashenzari.
    26 | D        | Became a worshipper of Qazlal Stormbringer
    60 | D        | Reached * piety under Qazlal
    61 | D        | Reached skill level 1 in Invocations
    83 | D        | Reached XP level 2. HP: 27/27 MP: 1/3
   258 | D        | Noticed a water moccasin
   267 | D        | Reached ** piety under Qazlal
   268 | D        | Reached skill level 4 in Fighting
   273 | D        | Succumbed to a water moccasin's poison

Illustrated notes

Levels and vault maps discovered:
D:        pitsprint [storerooms_1, entrance_room_1, metal_vault_2, armoury_3,
          mini_pit_1, grid_room_1, main_hall_1, silver_pit, the_coven_1,
          the_vestibule_1, steel_vault_3, golden_pit, hallway_of_sentries,
          crystal_vault_1, iron_vault_4, final_vault]

Skill      XL: |  1  2 |
---------------+-------+-----
Dodging        | 3 |  3.2
Invocations    | 1 |  1.7
Fighting       | 4 |  4.0
Axes           | |  2.7
Shields        | |  3.5

Action                     || total
---------------------------++-------
  Melee: War axe           ||    33
         Tailslap          ||     4
    Use: Potion            ||     5
 Armour: Skin              ||    10
  Dodge: Dodged            ||    27
  Block: Buckler           ||    18

Table legend: (Time is in decaauts)
 A = Elapsed time spent in this place.
 B = Non-inter-level travel time spent in this place.
 C = Inter-level travel time spent in this place.
 D = Time resting spent in this place.
 E = Time spent auto-exploring this place.
 F = Levels seen in this place.
 G = Mean time per level.
                   A        B        C        D        E       F      G
               +--------+--------+--------+--------+--------+-----+--------+
         Total |    283 |    283 |      0 |    173 |      0 |   1 |  283.0 |
       Dungeon |    283 |    283 |      0 |    173 |      0 |   1 |  283.0 |
               +--------+--------+--------+--------+--------+-----+--------+

Top non-repeatable levels by time:
       D: 283 daAuts
